[Event "Chessable Masters - Torneo preliminare"]
[White "Sarana, Alexey"]
[Black "Nguyen, Ngoc Truong Son"]
[WhiteFideId "24133795"]
[BlackFideId "12401110"]
[WhiteElo "2643"]
[BlackElo "2585"]
[Result "0-1"]
[Round "1"]
[TimeControl "600+2"]
[Date "2023.03.13"]
[WhiteClock "0:00:49"]
[BlackClock "0:00:17"]

1. d4 Nf6 2. c4 e6 3. Nc3 Bb4 4. e3 d5 5. Bd3 c5 6. a3 Bxc3+ 7. bxc3 O-O 8. cxd5 exd5 9. Ne2 b6 10. f3 Ba6 11. O-O Bxd3 12. Qxd3 Re8 13. Ng3 Nc6 14. Bb2 Rc8 15. e4 cxd4 16. cxd4 dxe4 17. fxe4 Ne5 18. Qe2 Nc4 19. e5 Nxb2 20. Qxb2 Ng4 21. Nf5 Rc6 22. Qb3 Qc7 23. Nd6 Rf8 24. Qg3 Nh6 25. Rae1 Qe7 26. h4 g6 27. Qf4 Kg7 28. d5 Rc5 29. Qd4 Rd8 30. Rf6 Rxd6 31. Rxd6 Nf5 32. Qa1 Nxd6 33. exd6+ Qf6 34. Qd1 Qxd6 35. Qd4+ Qf6 36. Qe4 h5 37. Rf1 Qd6 38. Qd4+ f6 39. Rd1 Rc7 40. Qd3 Re7 41. Kh1 Kh7 42. Qc3 Re5 43. Qf3 Kg7 44. Qd3 a5 45. a4 Kh7 46. Qd4 Rf5 47. Qe3 Kg7 48. Qc3 Rf4 49. g3 Rxa4 50. Kg2 Ra3 51. Qe1 b5 52. Rc1 Qxd5+ 53. Kg1 Qd4+ 54. Kh1 Qe5 55. Qd2 Rxg3 56. Re1 Rh3+ 57. Kg1 Qg3+ 58. Kf1 Rh1+ 0-1


[Site "Internet"]

[Event "Chessable Masters - Torneo preliminare"]
[White "Svane, Rasmus"]
[Black "Yakubboev, Nodirbek"]
[WhiteFideId "4657101"]
[BlackFideId "14203987"]
[WhiteElo "2621"]
[BlackElo "2577"]
[Result "0-1"]
[Round "1"]
[TimeControl "600+2"]
[Date "2023.03.13"]
[WhiteClock "0:00:07"]
[BlackClock "0:00:14"]

1. Nf3 Nf6 2. g3 g6 3. Bg2 Bg7 4. O-O O-O 5. d4 d6 6. Re1 Ne4 7. Nbd2 Nxd2 8. Bxd2 Nc6 9. Bc3 e5 10. dxe5 dxe5 11. Qxd8 Rxd8 12. Rad1 Bf5 13. Rxd8+ Rxd8 14. e4 Be6 15. Ng5 Bc8 16. Bf1 h6 17. Nf3 Be6 18. b3 a6 19. Kg2 f6 20. Be2 Bf8 21. Rd1 Rxd1 22. Bxd1 Ba3 23. Be2 b5 24. h3 Kf7 25. Nh4 Ne7 26. Bg4 h5 27. Bxe6+ Kxe6 28. Kf1 f5 29. Nf3 fxe4 30. Nxe5 Bd6 31. f4 exf3 32. Nxf3 Bxg3 33. Ke2 Kf5 34. Kd3 Nd5 35. Bd2 Nf4+ 36. Bxf4 Kxf4 37. Ke2 g5 38. Nd4 g4 39. hxg4 Kxg4 40. Kf1 h4 41. Nc6 Kf3 42. Nb4 Bf2 43. Nd3 Bd4 44. Ne1+ Kg3 45. Ke2 h3 46. Nf3 Bb6 47. c4 bxc4 48. bxc4 h2 49. Nxh2 Kxh2 50. Kd3 Bc5 51. Ke4 Ba3 52. Kd5 c5 53. Kc6 Bb4 54. Kb6 a5 55. Kb5 Kg3 0-1


[Site "Internet"]

[Event "Chessable Masters - Torneo preliminare"]
[White "Iturrizaga Bonelli, Eduardo"]
[Black "Malakhov, Vladimir"]
[WhiteFideId "3901211"]
[BlackFideId "4120787"]
[WhiteElo "2654"]
[BlackElo "2666"]
[Result "1-0"]
[Round "1"]
[TimeControl "600+2"]
[Date "2023.03.13"]
[WhiteClock "0:02:31"]
[BlackClock "0:01:04"]

1. c4 e6 2. Nf3 d5 3. e3 Nf6 4. b3 c5 5. Bb2 Nc6 6. cxd5 exd5 7. Bb5 Bd6 8. O-O O-O 9. d4 cxd4 10. Nxd4 Bc7 11. Bxc6 bxc6 12. Nxc6 Qd6 13. Ne5 Ng4 14. Nf3 Nxh2 15. Nbd2 Bg4 16. Re1 Ba5 17. Nc4 Qh6 18. Nxa5 Bxf3 19. Qd4 Ng4 20. Qf4 g5 21. Qxf3 Qh2+ 22. Kf1 h5 23. Qh3 Qc7 24. Qxh5 1-0


[Site "Internet"]

[Event "Chessable Masters - Torneo preliminare"]
[White "Sychev, Klementy"]
[Black "Mamedov, Rauf"]
[WhiteFideId "4114060"]
[BlackFideId "13401653"]
[WhiteElo "2484"]
[BlackElo "2632"]
[Result "1-0"]
[Round "1"]
[TimeControl "600+2"]
[Date "2023.03.13"]
[WhiteClock "0:00:59"]
[BlackClock "0:02:40"]

1. d4 Nf6 2. c4 g6 3. Nc3 Bg7 4. e4 d6 5. Be2 O-O 6. Be3 Nc6 7. d5 Ne5 8. Rc1 c6 9. Nf3 Nxf3+ 10. Bxf3 Nd7 11. Be2 Nc5 12. Bd4 Bxd4 13. Qxd4 cxd5 14. exd5 Qb6 15. Qd2 Bf5 16. O-O a5 17. Rfe1 Rfe8 18. Bf1 a4 19. Nb5 Bd7 20. Nd4 Qa5 21. Qh6 Qb4 22. Re2 Nd3 23. Rc3 a3 24. Rxd3 axb2 25. Ne6 Bxe6 26. dxe6 b1=Q 27. exf7+ Kh8 28. fxe8=Q+ Rxe8 29. Rh3 g5 30. Rb3 Q4xb3 31. axb3 Qf5 32. Qe6 Qxe6 33. Rxe6 Kg7 34. c5 dxc5 35. Bc4 Rd8 36. Rxe7+ Kf6 37. Rxb7 Rd1+ 38. Bf1 h5 39. Rb6+ Ke5 40. b4 c4 41. Rc6 Rb1 42. Rxc4 h4 43. b5 Kf5 44. h3 Ke5 45. Rc6 Kf4 46. b6 Ke5 47. Rc5+ 1-0


[Site "Internet"]

[Event "Chessable Masters - Torneo preliminare"]
[White "Kramnik, Vladimir"]
[Black "Sasikiran, Krishnan"]
[WhiteFideId "4101588"]
[BlackFideId "5004985"]
[WhiteElo "2756"]
[BlackElo "2559"]
[Result "1-0"]
[Round "1"]
[TimeControl "600+2"]
[Date "2023.03.13"]
[WhiteClock "0:01:32"]
[BlackClock "0:00:09"]

1. c4 e5 2. Nc3 Nf6 3. Nf3 Nc6 4. g3 d5 5. cxd5 Nxd5 6. Bg2 Nb6 7. O-O Be7 8. Rb1 a5 9. d3 O-O 10. Be3 Be6 11. a3 Kh8 12. Nd2 f5 13. Rc1 Rb8 14. Nb5 Nd5 15. Bc5 Re8 16. e4 fxe4 17. Nxe4 Nf6 18. Bxe7 Qxe7 19. Nxf6 gxf6 20. f4 Bf7 21. fxe5 Qxe5 22. Qf3 Re6 23. Bh3 Nd4 24. Nxd4 Qxd4+ 25. Qf2 Qxf2+ 26. Rxf2 Rc6 27. Rxc6 bxc6 28. Rxf6 Bd5 29. Rf2 Kg7 30. Bf5 Re8 31. Kf1 h6 32. Rf4 Rb8 33. Rf2 a4 34. Ke1 c5 35. g4 c6 36. h4 c4 37. dxc4 Bxc4 38. Rf4 Bd5 39. Rb4 Re8+ 40. Kd2 Ra8 41. Bc2 Rf8 42. Rxa4 Rf2+ 43. Kc3 Rh2 44. g5 hxg5 45. hxg5 Rh3+ 46. Kd4 Rh2 47. Ra7+ Kf8 48. Bf5 Rxb2 49. Ke5 Rb6 50. a4 1-0


[Site "Internet"]

[Event "Chessable Masters - Torneo preliminare"]
[White "Tari, Aryan"]
[Black "Andreikin, Dmitry"]
[WhiteFideId "1510045"]
[BlackFideId "4158814"]
[WhiteElo "2539"]
[BlackElo "2628"]
[Result "1/2-1/2"]
[Round "1"]
[TimeControl "600+2"]
[Date "2023.03.13"]
[WhiteClock "0:00:54"]
[BlackClock "0:01:11"]

1. e4 c5 2. Nf3 d6 3. Bb5+ Nd7 4. O-O a6 5. Bd3 Ngf6 6. Re1 e5 7. c3 g6 8. Bc2 Bg7 9. d4 O-O 10. a4 cxd4 11. cxd4 exd4 12. Nxd4 d5 13. e5 Ne4 14. f3 Nxe5 15. fxe4 Qb6 16. a5 Qc5 17. Be3 Ng4 18. Nb3 Qc7 19. g3 Nxe3 20. Rxe3 Be6 21. exd5 Bxd5 22. Qxd5 Qxc2 23. Qd2 Rac8 24. Qxc2 Rxc2 25. Na3 Rxb2 26. Rae1 Rc8 27. Re8+ Rxe8 28. Rxe8+ Bf8 29. Nd4 Kg7 30. Nac2 Bc5 31. Kh1 b6 32. axb6 Bxb6 33. Rc8 a5 34. Rc4 h5 35. Nc6 a4 36. Na3 Ra2 37. Nc2 Rb2 38. Na3 Ra2 39. Nc2 Rb2 1/2-1/2


[Site "Internet"]

[Event "Chessable Masters - Torneo preliminare"]
[White "Vachier-Lagrave, Maxime"]
[Black "Mitrabha, Guha"]
[WhiteFideId "623539"]
[BlackFideId "5057000"]
[WhiteElo "2762"]
[BlackElo "2401"]
[Result "1/2-1/2"]
[Round "1"]
[TimeControl "600+2"]
[Date "2023.03.13"]
[WhiteClock "0:00:22"]
[BlackClock "0:00:28"]

1. e4 c6 2. d4 d5 3. e5 Bf5 4. Nf3 e6 5. Be2 Nd7 6. O-O a5 7. Nbd2 a4 8. c3 f6 9. exf6 Qxf6 10. Re1 Bd6 11. Nf1 Ne7 12. Bg5 Qf7 13. Bh4 Ng6 14. Ng5 Qf6 15. Ne4 Qf8 16. Nxd6+ Qxd6 17. Bg3 Qe7 18. Bg4 O-O 19. Bxf5 Rxf5 20. Qc2 Qf7 21. Re2 e5 22. dxe5 Ngxe5 23. Rae1 Ng6 24. Ne3 Rg5 25. f4 Rh5 26. Ng4 Qf5 27. Qxf5 Rxf5 28. Ne3 Rf7 29. f5 Ne7 30. Bd6 Rd8 31. Ng4 Nxf5 32. Re8+ Rxe8 33. Rxe8+ Nf8 34. Bb4 b6 35. Ne5 c5 36. Bxc5 bxc5 37. Nxf7 Kxf7 38. Ra8 Ne3 39. Rxa4 Nd7 40. Ra7 Ke6 41. a4 Kd6 42. a5 Kc6 43. a6 Nc4 44. b3 Ncb6 45. Kf2 Kb5 46. Ke3 g5 47. g4 h6 48. h3 Ka5 49. Kd3 Kb5 50. Ke2 Ka5 51. Ke3 Kb5 52. Kd3 Ka5 53. c4 Ne5+ 54. Kc2 Nc6 55. Rh7 Nb4+ 56. Kd2 Nxa6 57. cxd5 Nxd5 58. Rxh6 Nf4 59. Ke3 Nb4 60. h4 Nbd5+ 61. Ke4 gxh4 62. Rxh4 Kb4 63. g5 Ng6 64. Rh6 Ndf4 65. Kf5 Kxb3 66. Rxg6 Nxg6 67. Kxg6 c4 68. Kf6 c3 69. g6 c2 70. g7 c1=Q 71. g8=Q+ Qc4 72. Qxc4+ Kxc4 1/2-1/2


[Site "Internet"]

[Event "Chessable Masters - Torneo preliminare"]
[White "Makarian, Rudik"]
[Black "Aronian, Levon"]
[WhiteFideId "44105681"]
[BlackFideId "13300474"]
[WhiteElo "2462"]
[BlackElo "2720"]
[Result "1/2-1/2"]
[Round "1"]
[TimeControl "600+2"]
[Date "2023.03.13"]
[WhiteClock "0:04:07"]
[BlackClock "0:06:19"]

1. d4 Nf6 2. c4 c5 3. d5 e5 4. Nc3 d6 5. e4 Nbd7 6. Be2 Be7 7. h4 h5 8. Nh3 g6 9. g3 a6 10. a4 b6 11. Ng5 O-O 12. g4 Nxg4 13. Bxg4 hxg4 14. Qxg4 Nf6 15. Qg2 Nh5 16. Ne6 fxe6 17. Qxg6+ Ng7 18. Rg1 Bf6 19. h5 Kh8 20. Qh6+ Kg8 21. Qg6 Kh8 22. Qh6+ Kg8 23. Qg6 1/2-1/2


[Site "Internet"]

[Event "Chessable Masters - Torneo preliminare"]
[White "Firouzja, Alireza"]
[Black "Perez Ponsa, Federico"]
[WhiteFideId "12573981"]
[BlackFideId "117927"]
[WhiteElo "2745"]
[BlackElo "2586"]
[Result "1-0"]
[Round "1"]
[TimeControl "600+2"]
[Date "2023.03.13"]
[WhiteClock "0:02:24"]
[BlackClock "0:00:07"]

1. d4 Nf6 2. c4 g6 3. Nc3 Bg7 4. e4 d6 5. h3 e5 6. d5 a5 7. Bd3 Na6 8. Nge2 h5 9. O-O Bh6 10. Bxh6 Rxh6 11. Qd2 Rh8 12. f4 Nd7 13. f5 Ndc5 14. fxg6 fxg6 15. Rf3 Bd7 16. Raf1 Qh4 17. Nb5 Nxd3 18. Qxd3 Nc5 19. Qe3 O-O-O 20. Nec3 g5 21. Rf6 b6 22. R1f2 Rhg8 23. Kh1 g4 24. g3 Qg5 25. Qxg5 Rxg5 26. h4 Rg7 27. Rf7 Rdg8 28. Kg2 Nd3 29. Rxg7 Rxg7 30. Rf8+ Kb7 31. b3 Rh7 32. Kf1 Nc5 33. Na3 Bc8 34. Ke2 Nd7 35. Rf5 Nc5 36. Rf1 Bd7 37. Rf8 Re7 38. Nc2 Be8 39. Rg8 Bd7 40. Rh8 Rf7 41. Ne1 Ka6 42. Rxh5 b5 43. cxb5+ Bxb5+ 44. Nxb5 Kxb5 45. Rf5 Rg7 46. Ke3 Kb4 47. Nd3+ 1-0


[Site "Internet"]

[Event "Chessable Masters - Torneo preliminare"]
[White "Ju, Wenjun"]
[Black "Lazavik, Denis"]
[WhiteFideId "8603006"]
[BlackFideId "13515110"]
[WhiteElo "2598"]
[BlackElo "2488"]
[Result "0-1"]
[Round "1"]
[TimeControl "600+2"]
[Date "2023.03.13"]
[WhiteClock "0:00:11"]
[BlackClock "0:00:13"]

1. d4 Nf6 2. c4 e6 3. Nf3 d5 4. g3 Bb4+ 5. Bd2 a5 6. Bg2 O-O 7. Qc2 c5 8. dxc5 d4 9. Bxb4 axb4 10. Nbd2 Nc6 11. O-O Qe7 12. Nb3 e5 13. Nfd2 h5 14. e3 dxe3 15. fxe3 h4 16. Ne4 Nxe4 17. Bxe4 Qg5 18. Qf2 Bh3 19. Bg2 Bxg2 20. gxh4 Qg4 21. Qxg2 Qxh4 22. Nd2 f5 23. Rf3 e4 24. Rh3 Qe7 25. Qg6 Rf6 26. Qh7+ Kf7 27. Rg3 Rg8 28. Rf1 Qe6 29. Rg5 Ne7 30. Qh5+ g6 31. Qh4 Ke8 32. Rf2 Nc6 33. Qf4 Rgf8 34. h3 Kd7 35. Qg3 Kc8 36. Qd6 Qe8 37. Qg3 Qe6 38. b3 Rd8 39. h4 Rd3 40. h5 gxh5 41. Rg8+ Rd8 42. Rg5 Ne7 43. Nf1 Rg8 44. Rxg8+ Nxg8 45. Kh1 Ne7 46. Qh3 Qe5 47. Ng3 Kc7 48. Kg2 Rg6 49. Kh2 Rg4 50. Rf4 Rxf4 51. exf4 Qxf4 52. Qxh5 Kd7 53. Kh3 e3 54. Qe2 Qe5 55. Qd3+ Ke8 56. Qd6 Nc6 57. Qg6+ Kd7 58. Nxf5 e2 59. Qf7+ Ne7 60. Nxe7 Qxe7 61. Qd5+ Kc7 62. c6 e1=Q 63. Qa5+ Kxc6 64. Qb5+ Kc7 65. Qa5+ Kb8 0-1


[Site "Internet"]

[Event "Chessable Masters - Torneo preliminare"]
[White "Wei, Yi"]
[Black "Rasulov, Vugar"]
[WhiteFideId "8603405"]
[BlackFideId "13402390"]
[WhiteElo "2716"]
[BlackElo "2415"]
[Result "0-1"]
[Round "1"]
[TimeControl "600+2"]
[Date "2023.03.13"]
[WhiteClock "0:00:03"]
[BlackClock "0:00:10"]

1. d4 d5 2. c4 c6 3. Nf3 Nf6 4. Nc3 e6 5. Bg5 h6 6. Bh4 Be7 7. e3 O-O 8. Qc2 b6 9. O-O-O Ba6 10. Bxf6 Bxf6 11. h4 g6 12. Ne5 Bxc4 13. Bxc4 dxc4 14. f4 Na6 15. Ne4 Bg7 16. a3 b5 17. h5 gxh5 18. g4 f6 19. Ng6 hxg4 20. Nxf8 Kxf8 21. f5 Qd5 22. Rhf1 Re8 23. Nc3 Qd7 24. e4 b4 25. Na4 c3 26. bxc3 bxa3 27. Qa2 exf5 28. Qxa3+ Kg8 29. Qa2+ Qf7 30. Qe2 h5 31. Rxf5 Qb3 32. Nb2 Qxc3+ 33. Kb1 Nb4 34. Rc5 Qa3 35. Qc4+ Kf8 36. e5 Rb8 37. exf6 Nd3 38. fxg7+ Kxg7 39. Rg5+ Kf6 40. Rf5+ Kxf5 41. Qf7+ Kg5 42. Qg7+ Kf4 43. Rf1+ Kg3 44. Qc7+ Kg2 45. Qxb8 Kxf1 0-1


[Site "Internet"]

[Event "Chessable Masters - Torneo preliminare"]
[White "Neiksans, Arturs"]
[Black "Yu, Yangyi"]
[WhiteFideId "11601388"]
[BlackFideId "8603820"]
[WhiteElo "2553"]
[BlackElo "2734"]
[Result "1/2-1/2"]
[Round "1"]
[TimeControl "600+2"]
[Date "2023.03.13"]
[WhiteClock "0:00:54"]
[BlackClock "0:00:38"]

1. e4 c5 2. Nf3 d6 3. Bb5+ Nd7 4. Ba4 Nf6 5. Qe2 a6 6. c3 b5 7. Bc2 Bb7 8. d4 e6 9. O-O Be7 10. Re1 O-O 11. Nbd2 Qc7 12. e5 dxe5 13. dxe5 Nd5 14. Qe4 g6 15. Qg4 Rae8 16. Qg3 f5 17. exf6 Bd6 18. Qh4 N7xf6 19. Ne4 Nxe4 20. Bxe4 Bf4 21. g3 Bxc1 22. Raxc1 Qe7 23. Qxe7 Rxe7 24. Ne5 c4 25. h4 Rd8 26. Rc2 Nf6 27. Bxb7 Rxb7 28. Rce2 Re8 29. Nf3 Rbe7 30. a4 Nd5 31. axb5 axb5 32. Nd4 b4 33. Nc6 Rb7 34. Na5 Rc7 35. cxb4 Nxb4 36. Rxe6 Rxe6 37. Rxe6 Nd3 38. Re2 Rc5 39. Nb7 Rb5 40. Nd6 Rxb2 41. Re8+ Kg7 42. Nxc4 Rxf2 43. Re7+ Rf7 44. Rxf7+ Kxf7 45. Kg2 Ke6 46. Kf3 Kd5 47. Ne3+ Ke5 48. Ng4+ Kf5 49. Ne3+ Ke5 50. Ng4+ Kf5 51. Ne3+ Ke5 1/2-1/2


[Site "Internet"]

[Event "Chessable Masters - Torneo preliminare"]
[White "Svidler, Peter"]
[Black "Christiansen, Johan-Sebastian"]
[WhiteFideId "4102142"]
[BlackFideId "1512668"]
[WhiteElo "2752"]
[BlackElo "2481"]
[Result "1-0"]
[Round "1"]
[TimeControl "600+2"]
[Date "2023.03.13"]
[WhiteClock "0:01:49"]
[BlackClock "0:00:03"]

1. e4 e5 2. Nf3 Nc6 3. Bb5 f5 4. d3 Nf6 5. O-O fxe4 6. dxe4 Bc5 7. Bxc6 bxc6 8. Nxe5 O-O 9. Nd3 Nxe4 10. Nxc5 Nxc5 11. Be3 Ne6 12. Nd2 d5 13. Nb3 Qd6 14. c4 dxc4 15. Na5 Qd5 16. Qxd5 cxd5 17. Rfd1 Rf5 18. g4 Re5 19. Nc6 Re4 20. h3 h5 21. Ne7+ Kf7 22. Nxd5 hxg4 23. Nc3 Re5 24. hxg4 Bb7 25. Kh2 Bf3 26. Rg1 a5 27. Kg3 Bc6 28. Rge1 Rb8 29. f4 Rxe3+ 30. Rxe3 Rxb2 31. Re2 Rb8 32. Rae1 Nd4 33. Re7+ Kf8 34. Rxc7 Rb2 35. Rd1 Rg2+ 36. Kh3 Ne6 37. Rxc6 Nxf4+ 38. Kh4 Rc2 39. Rf1 1-0


[Site "Internet"]

[Event "Chessable Masters - Torneo preliminare"]
[White "Sourath, Biswas"]
[Black "Hambleton, Aman"]
[WhiteFideId "35091484"]
[BlackFideId "2606577"]
[WhiteElo "2138"]
[BlackElo "2447"]
[Result "1-0"]
[Round "1"]
[TimeControl "600+2"]
[Date "2023.03.13"]
[WhiteClock "0:01:39"]
[BlackClock "0:00:06"]

1. d4 Nf6 2. Bf4 d5 3. e3 e6 4. Nf3 Bd6 5. c3 O-O 6. Nbd2 c5 7. Ne5 Qc7 8. Bd3 Nc6 9. Ndf3 Ne4 10. O-O f6 11. Nxc6 Bxf4 12. exf4 bxc6 13. Qc1 Qb6 14. Re1 Nd6 15. Qc2 f5 16. Ne5 Rb8 17. Rab1 c4 18. Bf1 Qc7 19. b3 cxb3 20. axb3 c5 21. Qa2 cxd4 22. cxd4 Nf7 23. Rec1 Qb6 24. Qa4 Nxe5 25. fxe5 Bb7 26. Ra1 Ra8 27. h4 h6 28. Rc5 Rfb8 29. b4 Kh7 30. h5 a6 31. Qd7 Bc8 32. Qf7 Qxb4 33. Rc7 Bd7 34. Rxd7 Rg8 35. Rc1 Qxd4 36. Qxe6 Qg4 37. Qg6+ Qxg6 38. hxg6+ Kxg6 39. Rc6+ Kg5 40. Rxa6 Rxa6 41. Bxa6 g6 42. g3 f4 43. Kg2 fxg3 44. Kxg3 Kf5 45. f4 Ke4 46. Bb7 Rf8 47. Bxd5+ Ke3 48. Bf7 g5 49. fxg5 hxg5 50. e6 1-0


[Site "Internet"]

[Event "Chessable Masters - Torneo preliminare"]
[White "Frolyanov, Dmitry"]
[Black "Xu, Yinglun"]
[WhiteFideId "4151976"]
[BlackFideId "8604940"]
[WhiteElo "2451"]
[BlackElo "2523"]
[Result "1/2-1/2"]
[Round "1"]
[TimeControl "600+2"]
[Date "2023.03.13"]
[WhiteClock "0:03:47"]
[BlackClock "0:02:06"]

1. d4 Nf6 2. c4 e6 3. Nf3 d5 4. g3 Bb4+ 5. Bd2 Be7 6. Bg2 O-O 7. O-O c6 8. Qc2 b6 9. Rd1 Bb7 10. Bf4 Nbd7 11. Nbd2 Nh5 12. Be3 Rc8 13. Ne5 Nhf6 14. Bg5 c5 15. Qa4 cxd4 16. Nxd7 Nxd7 17. Bxe7 Qxe7 18. cxd5 Bxd5 19. Bxd5 exd5 20. Qxa7 Ra8 21. Qc7 Rfc8 22. Qf4 Qxe2 23. Qxd4 Rxa2 24. Qxd5 Rxa1 25. Rxa1 Nf6 26. Ra8 Qe1+ 27. Kg2 Qe8 28. Rxc8 Qxc8 29. Qd6 Qb7+ 30. Kg1 h6 31. Qd8+ Kh7 32. Qd3+ Kg8 33. Qd8+ Kh7 34. Qd3+ Kg8 35. Qd8+ 1/2-1/2


[Site "Internet"]

[Event "Chessable Masters - Torneo preliminare"]
[White "Vasquez Schroeder, Rodrigo"]
[Black "Mamedyarov, Shakhriyar"]
[WhiteFideId "3400042"]
[BlackFideId "13401319"]
[WhiteElo "2589"]
[BlackElo "2703"]
[Result "1-0"]
[Round "1"]
[TimeControl "600+2"]
[Date "2023.03.13"]
[WhiteClock "0:03:12"]
[BlackClock "0:00:06"]

1. d4 Nf6 2. c4 e6 3. Nf3 Bb4+ 4. Bd2 c5 5. Bxb4 cxb4 6. a3 bxa3 7. Rxa3 b6 8. Nc3 d5 9. e3 O-O 10. Be2 dxc4 11. Bxc4 Bb7 12. O-O a6 13. Bd3 b5 14. Ra1 Nbd7 15. Qe2 Qb6 16. e4 Rfd8 17. Rfd1 Nf8 18. h3 Rac8 19. Qe3 Ng6 20. Rac1 e5 21. d5 Qxe3 22. fxe3 Nd7 23. b4 f6 24. Nd2 Nh8 25. Nb3 Nf7 26. Na5 Ba8 27. g4 Nd6 28. Nb1 Nb6 29. Nd2 Na4 30. Nab3 Nb2 31. Nc5 Nxd1 32. Rxd1 a5 33. Ne6 axb4 34. Nxd8 Rxd8 35. Rb1 Rb8 36. Rxb4 Bb7 37. Nb1 Bc8 38. Nc3 Bd7 39. Kf2 Rc8 40. Rb3 Rc5 41. Kf3 Kf7 42. Kg3 Ke7 43. Kf3 Kd8 44. Ne2 Kc7 45. Ng3 g6 46. Ke2 Kb6 47. Kd2 Nc4+ 48. Bxc4 Rxc4 49. Kd3 Kc5 50. Ra3 Ra4 51. Rc3+ Kb6 52. Rb3 b4 53. Rb2 Bb5+ 54. Kd2 Kc5 55. Nh1 Bc4 56. Nf2 Ra3 57. g5 f5 58. exf5 gxf5 59. e4 Rf3 60. Kd1 f4 61. Ng4 Rd3+ 62. Rd2 b3 63. Nxe5 Rxh3 64. Kc1 Bb5 65. d6 Re3 66. d7 Bxd7 67. Nxd7+ Kb4 68. Kb2 Rxe4 69. Nf6 Re3 70. Nd5+ Kc4 71. Nxe3+ fxe3 72. Rh2 Kc5 73. Rxh7 1-0


[Site "Internet"]

[Event "Chessable Masters - Torneo preliminare"]
[White "Esipenko, Andrey"]
[Black "Kevlishvili, Robby"]
[WhiteFideId "24175439"]
[BlackFideId "1040634"]
[WhiteElo "2682"]
[BlackElo "2577"]
[Result "0-1"]
[Round "1"]
[TimeControl "600+2"]
[Date "2023.03.13"]
[WhiteClock "0:01:28"]
[BlackClock "0:02:02"]

1. d4 d5 2. c4 c6 3. Nf3 Nf6 4. e3 Bf5 5. Nc3 e6 6. Nh4 Be4 7. f3 Bg6 8. Bd2 Be7 9. Nxg6 hxg6 10. Qb3 Qc7 11. O-O-O dxc4 12. Bxc4 b5 13. Be2 a6 14. Ne4 Nxe4 15. fxe4 c5 16. Kb1 Nc6 17. Qc2 Rc8 18. d5 exd5 19. exd5 Ne5 20. h4 Qd6 21. e4 Rxh4 22. g3 Rxh1 23. Rxh1 Bf6 24. g4 g5 25. Qc1 Ng6 26. Bxg5 Bxg5 27. Qxg5 Qf4 28. Qf5 Qxf5 29. exf5 Nf4 30. Bf3 Ke7 31. g5 Kd6 32. Rh7 Rg8 33. Kc1 Ke5 34. Bg4 Kxd5 35. Rh1 c4 36. Kd2 Nd3 37. Rh7 Kd6 38. Bh5 Ne5 39. Bd1 g6 40. fxg6 Rxg6 41. Rh6 Kc5 42. Rxg6 fxg6 43. Ke3 Nf7 44. Kf4 Kd4 45. Bc2 Ne5 46. a3 Nd3+ 47. Kf3 Ne1+ 0-1


[Site "Internet"]

[Event "Chessable Masters - Torneo preliminare"]
[White "Talibov, Shiroghlan"]
[Black "Salem, A.R. Saleh"]
[WhiteFideId "13429078"]
[BlackFideId "9301348"]
[WhiteElo "2247"]
[BlackElo "2654"]
[Result "0-1"]
[Round "1"]
[TimeControl "600+2"]
[Date "2023.03.13"]
[WhiteClock "0:02:48"]
[BlackClock "0:00:08"]

1. e4 e5 2. Nf3 Nc6 3. Bb5 a6 4. Ba4 Nf6 5. Nc3 Be7 6. O-O b5 7. Bb3 d6 8. a4 b4 9. Nd5 Na5 10. Ba2 c5 11. d3 b3 12. Nxf6+ Bxf6 13. Bxb3 Nxb3 14. cxb3 O-O 15. Be3 Be6 16. Nd2 Rb8 17. Rc1 Rb7 18. Rc3 g6 19. Nc4 Bg7 20. Qd2 Qb8 21. Na5 Rc7 22. Bh6 f5 23. Bxg7 Rxg7 24. Rcc1 Bxb3 25. Qc3 Be6 26. Rb1 f4 27. b4 f3 28. g3 Qc8 29. Nc4 Bxc4 30. Qxc4+ Kh8 31. Kh1 g5 32. g4 cxb4 33. Qxb4 Qxg4 34. Rg1 Qd7 35. d4 Re8 36. dxe5 dxe5 37. Rbd1 Qa7 38. Qa5 h6 39. Rd2 Qf7 40. Qxa6 Rg6 41. Rd6 Rxd6 42. Qxd6 Kg7 43. Rc1 Re6 44. Qd5 Re7 45. Qc5 Qe6 46. a5 Rd7 47. Qe3 Qg4 48. Rg1 Qxg1+ 0-1


[Site "Internet"]

[Event "Chessable Masters - Torneo preliminare"]
[White "Fedoseev, Vladimir"]
[Black "Nigmatov, Ortik"]
[WhiteFideId "24130737"]
[BlackFideId "14202131"]
[WhiteElo "2752"]
[BlackElo "2344"]
[Result "1-0"]
[Round "1"]
[TimeControl "600+2"]
[Date "2023.03.13"]
[WhiteClock "0:06:12"]
[BlackClock "0:00:06"]

1. e4 e5 2. Nf3 Nc6 3. Bb5 a6 4. Ba4 Nf6 5. O-O b5 6. Bb3 Bc5 7. a4 Bb7 8. d3 d6 9. Nc3 b4 10. Ne2 Na5 11. Ba2 b3 12. cxb3 Nc6 13. Ng3 Bc8 14. Be3 Bxe3 15. fxe3 O-O 16. Rc1 Nb4 17. Bb1 c5 18. h3 Re8 19. d4 cxd4 20. exd4 Qb6 21. Kh2 Bb7 22. d5 Nd7 23. Nd2 Rac8 24. Nc4 Rxc4 25. bxc4 Nf8 26. Qd2 a5 27. c5 dxc5 28. Qf2 Qg6 29. Qxc5 Ba6 30. Rfe1 h5 31. Qxa5 h4 32. Nf5 1-0


[Site "Internet"]

[Event "Chessable Masters - Torneo preliminare"]
[White "Preotu, Razvan"]
[Black "Praggnanandhaa, R"]
[WhiteFideId "2613280"]
[BlackFideId "25059530"]
[WhiteElo "2532"]
[BlackElo "2587"]
[Result "0-1"]
[Round "1"]
[TimeControl "600+2"]
[Date "2023.03.13"]
[WhiteClock "0:00:06"]
[BlackClock "0:02:23"]

1. e4 e5 2. Nf3 Nc6 3. Bc4 Bc5 4. c3 Nf6 5. d3 d6 6. O-O a6 7. a4 Ba7 8. Re1 O-O 9. h3 Be6 10. Bxe6 fxe6 11. b4 Nh5 12. Be3 Nf4 13. Ra2 Qf6 14. Bxf4 Qxf4 15. Nbd2 g5 16. Nf1 g4 17. hxg4 Qxg4 18. b5 Ne7 19. d4 Qg7 20. Re3 Ng6 21. Ng5 exd4 22. cxd4 Qe7 23. Rg3 axb5 24. axb5 Bxd4 25. Rc2 Be5 26. Qh5 Bxg3 27. Nxg3 Ra1+ 28. Kh2 Nf4 29. Qg4 Qg7 30. Rxc7 Qh6+ 31. Nh3+ Kh8 32. Qg5 Qxg5 33. Nxg5 Rf6 34. Rxh7+ Kg8 35. Rxb7 Rh6+ 36. Nh3 Nxh3 37. gxh3 Rf6 38. Kg2 Ra2 39. Nh1 Rb2 40. b6 e5 41. h4 Rf4 42. Ng3 Rfxf2+ 43. Kh3 Rb3 44. Kg4 Rf4+ 45. Kh5 Rxg3 46. Rc7 Rg7 47. b7 Rf8 0-1


[Site "Internet"]

[Event "Chessable Masters - Torneo preliminare"]
[White "Bortnyk, Olexandr"]
[Black "Aditya, Mittal"]
[WhiteFideId "14120828"]
[BlackFideId "35042025"]
[WhiteElo "2643"]
[BlackElo "2386"]
[Result "0-1"]
[Round "1"]
[TimeControl "600+2"]
[Date "2023.03.13"]
[WhiteClock "0:00:02"]
[BlackClock "0:01:10"]

1. e4 e5 2. Nf3 Nc6 3. Bb5 Nf6 4. Nc3 Nd4 5. Ba4 c6 6. d3 b5 7. Bb3 Nxb3 8. axb3 d6 9. h3 Be7 10. O-O O-O 11. Re1 Re8 12. Bg5 a5 13. d4 Qc7 14. Qd3 Bb7 15. Rad1 Rad8 16. dxe5 dxe5 17. Qe3 h6 18. Bh4 Nd7 19. Bxe7 Rxe7 20. Rd3 Nf8 21. Rxd8 Qxd8 22. Rd1 Qc7 23. Qc5 f6 24. Qa7 Ne6 25. Ra1 b4 26. Ne2 c5 27. Ng3 Re8 28. Qxa5 Ra8 29. Qxa8+ Bxa8 30. Rxa8+ Kh7 31. h4 Nd4 32. h5 Qb7 33. Rf8 Ne6 34. Re8 Qf7 35. Rc8 Qd7 36. Ra8 Qd1+ 37. Kh2 Nf4 38. Ra7 Qxc2 39. Nh4 Qxf2 40. Rc7 Nxh5 41. Nhf5 Qf4 42. Kh3 Nxg3 43. Rxg7+ Kh8 44. Rxg3 Qxe4 45. Rf3 h5 46. Nd6 Qd4 47. Nc4 Qg4+ 48. Kh2 e4 49. Rh3 h4 50. g3 Kg7 51. Rxh4 Qe2+ 52. Kg1 e3 53. Rf4 Qd1+ 54. Kg2 e2 0-1


[Site "Internet"]